 Dungeon Crawl Stone Soup version 0.29-a0-830-gcb1280458a (webtiles) character file.

Game seed: 15227768808175861056

99081 frimble the Fighter (level 15, -15/120 HPs)
             Began as a Demonspawn Ice Elementalist on July 12, 2022.
             Was the Champion of Cheibriados.
             Demolished by a frost giant
             ... wielding a +2 battleaxe of freezing
              (30 damage)
             ... on level 15 of the Dungeon.
             The game lasted 00:35:52 (22854 turns).

frimble the Fighter (Demonspawn Ice Elementalist)  Turns: 22854, Time: 00:35:53

Health: -15/120    AC: 26    Str: 29    XL:     15   Next: 76%
Magic:  0/22       EV: 18    Int: 36    God:    Cheibriados [******]
Gold:   1221       SH: 16    Dex: 29    Spells: 16/24 levels left

rFire   + + .      SeeInvis .   n - +8 lance "Wyrmbane" {slay drac, rPois rF+ rC+ AC+3}
rCold   + + .      Faith    .   L - +1 kite shield {rC+}
rNeg    . . .      Spirit   +   g - +2 scale mail of Ufoich {Regen+ Str+3 Slay+2}
rPois   +          Reflect  .   (helmet restricted)
rElec   .          Harm     .   (no cloak)
rCorr   .          Rampage  .   (no gloves)
Will    +....                   B - +1 pair of boots
Stlth   +.........              v - amulet of magic regeneration
HPRegen 1.10/turn               A - +4 ring of protection
MPRegen 0.76/turn               x - ring of protection from fire

@: ice-armoured, studying Ranged Weapons, very slow
A: horns 2, molten scales 2, magic shield, magic regeneration, magic link,
demonic magic 1
a: Renounce Religion, Bend Time, Temporal Distortion, Slouch, Step From Time


You were on level 15 of the Dungeon.
You worshipped Cheibriados.
Cheibriados was exalted by your worship.
You visited 5 branches of the dungeon, and saw 25 of its levels.
You also visited: Ice Cave.

You collected 2675 gold pieces.
You spent 1454 gold pieces at shops.

Inventory:

Hand Weapons
 n - the +8 lance "Wyrmbane" (weapon) {slay drac, rPois rF+ rC+ AC+3}
   (You bought it in a shop on level 14 of the Dungeon)

   It inflicts extra damage against dragons and draconians.
   AC:        It affects your AC (+3).
   rF:        It protects you from fire.
   rC:        It protects you from cold.
   rPois:     It protects you from poison.
 C - a +0 sling
 I - a +4 scimitar of flaming
Missiles
 b - 3 throwing nets (quivered)
 f - 6 silver javelins
 r - 4 javelins
 y - 4 curare-tipped darts
Armour
 g - the +2 scale mail of Ufoich (worn) {Regen+ Str+3 Slay+2}
   (You acquired it on level 5 of the Dungeon)

   Str:       It affects your strength (+3).
   Slay:      It affects your accuracy & damage with ranged weapons and melee
   (+2).
   Regen:     It increases your rate of health regeneration.
 B - a +1 pair of boots (worn)
 L - a +1 kite shield of cold resistance (worn)
 T - +1 ice dragon scales
Jewellery
 e - a ring of positive energy
 v - an amulet of magic regeneration (around neck)
 x - a ring of protection from fire (right hand)
 A - a +4 ring of protection (left hand)
 K - a +6 ring of intelligence
 U - an amulet of the acrobat
 Z - a +6 ring of intelligence
Wands
 t - a wand of quicksilver (1)
 D - a wand of roots (25)
 G - a wand of charming (27)
 P - a wand of flame (15)
Scrolls
 a - 3 scrolls of teleportation
 i - 7 scrolls of vulnerability
 j - 2 scrolls of fog
 k - 10 scrolls of amnesia
 m - a scroll of fear
 o - 2 scrolls of summoning
 w - 6 scrolls of identify
 F - 2 scrolls of enchant weapon
 H - 6 scrolls of magic mapping
 J - 4 scrolls of silence
 M - 2 scrolls of blinking
 W - a scroll of brand weapon
 X - a scroll of immolation
Potions
 d - 2 potions of lignification
 h - 4 potions of haste
 l - 6 potions of heal wounds
 p - 4 potions of curing
 s - a potion of brilliance
 u - 3 potions of flight
 z - 8 potions of mutation
 E - a potion of resistance
 O - 4 potions of magic
 Q - 2 potions of invisibility
 R - 11 potions of ambrosia
 S - a potion of might
 V - a potion of cancellation
Miscellaneous
 N - a box of beasts (inert)


   Skills:
 - Level 12.0 Fighting
 - Level 4.1(8.1) Short Blades
 - Level 10.9(11.2) Long Blades
 - Level 0.2 Maces & Flails
 + Level 5.6 Polearms
 - Level 7.3 Ranged Weapons
 - Level 5.1 Armour
 - Level 9.7 Dodging
 - Level 1.8 Stealth
 - Level 11.0 Shields
 - Level 5.0 Spellcasting
 - Level 9.3 Ice Magic
 - Level 10.3 Invocations
 - Level 4.5 Evocations


You had 16 spell levels left.
You knew the following spells:

 Your Spells              Type           Power      Damage    Failure   Level
a - Freeze                Ice            100%       1d11      1%          1
b - Frozen Ramparts       Ice            100%       1d12      1%          3
c - Ozocubu's Armour      Ice            67%        N/A       1%          3
d - Apportation           Tloc           18%        N/A       17%         1

Your spell library contained the following spells:

 Spells                   Type           Power      Damage    Failure   Level
 Ensorcelled Hibernation  Hex/Ice        84%        N/A       3%          2
 Summon Small Mammal      Summ           36%        N/A       17%         1
 Hailstorm                Conj/Ice       42%        3d10      24%         4
 Passwall                 Tmut/Erth      7%         N/A       26%         2
 Sublimation of Blood     Necr           9%         N/A       26%         2
 Call Canine Familiar     Summ           9%         N/A       45%         3
 Gell's Gravitas          Tloc           9%         N/A       45%         3
 Summon Guardian Golem    Hex/Summ       9%         N/A       45%         3
 Swiftness                Air            9%         N/A       45%         3
 Teleport Other           Tloc           9%         N/A       45%         3
 Fulminant Prism          Conj/Hex       4%         3d6       86%         4
 Iskenderun's Mystic Bla  Conj/Tloc      9%         2d4       86%         4
 Petrify                  Tmut/Erth      9%         N/A       86%         4
 Alistair's Intoxication  Tmut/Pois      6%         N/A       99%         5
 Irradiate                Conj/Tmut      4%         3d13      99%         5
 Lee's Rapid Deconstruct  Erth           4%         3d6*      99%         5
 Dispersal                Tloc           4%         N/A       100%        6
 Disjunction              Tloc           4%         N/A       100%        8


Dungeon Overview and Level Annotations

Branches:
Dungeon (15/15)            Temple (1/1) D:6            Lair (6/6) D:8
 Shoals (0/4) Lair:3       Spider (0/4) Lair:4        Slime (0/5) Lair:6
    Orc (2/2) D:10            Elf (0/3) Orc:2        Depths (1/4) D:15
  IceCv (visited)
 Vaults: D:13-14

Altars:
Ashenzari
Cheibriados
Dithmenos
Fedhas
Hepliaklqana
Makhleb
Nemelex Xobeh
Okawaru
Qazlal
Ru
Trog
Uskayaw
Vehumet
Wu Jian
Xom
Yredelemnul

Shops:
D:12 :   D:14 (   Orc:2 ([!*

Portals:
Trove: D:10 (give +5 ice dragon scales)

Annotations:
D:14 Rupert
Lair:2 2 transporters, buhh's ghost, journeyman OpTm


Innate Abilities, Weirdness & Mutations

You have a pair of horns on your head.
You are mostly covered in molten scales. (AC +3)
When hurt, damage is shared between your health and your magic reserves.
You regenerate magic rapidly.
When low on magic, you restore magic in place of health.
Spells you cast may paralyse adjacent enemies.


Message History

The frost giant points at you and mumbles some strange words.
The bolt of cold hits you! You resist.
You completely miss the frost giant.
The frost giant is moderately wounded.
The frost giant hits you with a +2 battleaxe of freezing!!
The frost giant freezes you.
You puncture the frost giant! You headbutt the frost giant!
The frost giant is heavily wounded.
The frost giant hits you with a +2 battleaxe of freezing!!
* * * LOW HITPOINT WARNING * * *
The frost giant freezes you.
* * * LOW HITPOINT WARNING * * *
Okay, then.
Okay, then.
Unknown command.
Okay, then.
Unknown command.
Casting: Ozocubu's Armour (safe; 1% risk of failure)
Confirm with . or Enter, or press ? or * to list all spells.
Okay, then.
Unknown command.
Aiming: Quicksilver Bolt
Press: ? - help, Shift-Dir - straight line, f - frost giant
Aim: a frost giant, wielding a +2 battleaxe of freezing (heavily wounded, 98% to hit)
The bolt of dispelling energy hits the frost giant!!
The frost giant is severely wounded.
You block the frost giant's attack.
Aiming: Quicksilver Bolt
Press: ? - help, Shift-Dir - straight line, f/p - frost giant
Aim: a frost giant, wielding a +2 battleaxe of freezing (severely wounded, 98% to hit)
The bolt of dispelling energy hits the frost giant!
The frost giant is severely wounded.
The frost giant barely misses you.
Aiming: Quicksilver Bolt
Press: ? - help, Shift-Dir - straight line, f/p - frost giant
Aim: a frost giant, wielding a +2 battleaxe of freezing (severely wounded, 98% to hit)
The bolt of dispelling energy hits the frost giant!
The frost giant is almost dead.
The frost giant hits you with a +2 battleaxe of freezing!!!
You die...

...............## ####....#
.....#......#...#####.#....##
..........≈.#.≈.#..##.#.....#
............#.†.#..#.......##
.........###+###.###....))##
............#...###...##).#
(.........≈.#.≈)# ###.#.))#
........#...#..C## #...)###
.........###.###@####..###
.........#..## ####.#.##.##
.........#..#######.......#
.........#####............##
.#.........................#
.#........................###
#.##........................###
...#.......#...)..............#
##........##...#..###.........#


You could see a frost giant.

Vanquished Creatures
  Jorgrun (Orc:2)
  Agnes (D:14)
  An orc warlord (Orc:1)
  The ghost of Hihis the Impaler, a journeyman MfBe of Trog (Lair:4)
  Azrael (D:12)
  A dire elephant (D:15)
  Nessos (Orc:2)
  5 boulder beetles
  7 hydras
  2 ironbound frosthearts (IceCv)
  Erica (D:9)
  3 centaur warriors
  A dancing weapon (D:14)
  A death knight (D:15)
  3 two-headed ogres (D:15)
  8 slime creatures
  6 death yaks
  The ghost of RBrandon the Lord of Darkness, a novice DsMo of Kikubaaqudgha (Lair:1)
  4 orc high priests (Orc:2)
  A fire crab (shapeshifter) (D:13)
  A lindwurm (Lair:6)
  A deep elf pyromancer (D:15)
  3 orc sorcerers
  8 cyclopes
  5 manticores
  11 ugly things
  18 elephants
  Joseph (D:10)
  4 black mambas
  An ice statue (IceCv)
  A naga mage (D:15)
  4 torpor snails (Lair:5)
  Maggie (D:8)
  16 cane toads
  2 gargoyles (D:12)
  A rime drake (Lair:5)
  7 komodo dragons
  2 kobold demonologists (D:14)
  A queen bee (Lair:1)
  A merfolk (shapeshifter) (D:14)
  3 meliai (D:13)
  A tyrant leech (Lair:2)
  19 polar bears
  Grinder (D:4)
  8 trolls
  13 blink frogs
  7 hornets
  Prince Ribbit (Lair:2)
  10 dream sheep (Lair:6)
  Sigmund (D:3)
  A shadow (D:11)
  4 wraiths
  11 spriggans (Lair:6)
  4 wyverns
  57 yaks
  4 basilisks
  4 fire elementals (D:12)
  2 redbacks (Lair:4)
  5 vampire mosquitoes
  2 wargs (Orc:1)
  An acid dragon (D:11)
  A swamp worm (Lair:2)
  3 hell hounds (D:12)
  13 water moccasins
  19 orc warriors
  6 centaurs
  5 boggarts
  3 black bears
  41 wolves
  10 ogres
  2 phantoms
  Blork the orc (D:4)
  2 kobold brigands
  15 bullfrogs
  A necrophage (D:5)
  3 gnoll sergeants
  4 scorpions
  8 wights
  35 killer bees
  10 electric eels
  2 howler monkeys
  5 hounds
  26 orc priests
  A gnoll bouda (D:5)
  16 orc wizards
  3 iguanas
  6 hell rats (Lair:2)
  Robin (D:2)
  5 adders
  32 gnolls
  3 shadow imps
  11 white imps
  An ufetubus (D:5)
  4 worms
  3 dart slugs (D:1)
  48 orcs
  6 endoplasms
  4 giant cockroaches
  44 goblins
  26 hobgoblins
  2 jackals (D:2)
  20 kobolds
  6 quokkas
  4 ball pythons
  6 bats
  A frilled lizard (D:3)
  2 rats
768 creatures vanquished.

Vanquished Creatures (collateral kills)
  An ogre mage (D:15)
  5 white imps (D:12)
  2 orcs
  A hobgoblin (D:4)
9 creatures vanquished.

Vanquished Creatures (others)
  An orc priest (Orc:1)
  An orc wizard (Orc:2)
  An orc (D:12)
  A goblin (D:6)
  A hobgoblin (D:6)
  2 demonic plants (D:5)
  17 fungi
  32 plants
56 creatures vanquished.

Grand Total: 833 creatures vanquished

Notes
Turn   | Place    | Note
-------+----------+-------------------------------------------
     0 | D:1      | frimble the Demonspawn Ice Elementalist began the quest for
                  | the Orb.
     0 | D:1      | Reached XP level 1. HP: 13/13 MP: 3/3
   634 | D:1      | Gained mutation: You have a pair of small horns on your
                  | head. [demonic ancestry]
   634 | D:1      | Reached XP level 2. HP: 12/19 MP: 1/5
  1652 | D:2      | Reached skill level 1 in Short Blades
  1737 | D:2      | Reached XP level 3. HP: 16/24 MP: 1/6
  2136 | D:2      | Learned a level 3 spell: Frozen Ramparts
  2351 | D:2      | Gained mutation: You are partially covered in molten
                  | scales. (AC +2) [demonic ancestry]
  2351 | D:2      | Reached XP level 4. HP: 16/30 MP: 4/7
  3153 | D:2      | Noticed Robin
  3175 | D:2      | Killed Robin
  3732 | D:3      | Noticed Sigmund
  3745 | D:3      | Killed Sigmund
  3746 | D:3      | Reached skill level 5 in Ice Magic
  3746 | D:3      | Reached XP level 5. HP: 34/35 MP: 5/10
  3746 | D:3      | Gained mutation: You regenerate magic rapidly. [demonic
                  | ancestry]
  3746 | D:3      | Reached XP level 6. HP: 40/41 MP: 5/11
  4112 | D:3      | Learned a level 3 spell: Ozocubu's Armour
  4518 | D:4      | Reached skill level 1 in Shields
  4630 | D:5      | Entered Level 5 of the Dungeon
  4670 | D:5      | Gained mutation: Spells you cast may paralyse adjacent
                  | enemies. [demonic ancestry]
  4670 | D:5      | Reached XP level 7. HP: 35/46 MP: 12/12
  5775 | D:5      | Found a stormy altar of Qazlal.
  5776 | D:5      | Found a hazy altar of Hepliaklqana.
  5777 | D:5      | Found a radiant altar of Vehumet.
  5777 | D:5      | Found a blossoming altar of Fedhas.
  6002 | D:6      | Reached XP level 8. HP: 40/52 MP: 14/14
  6141 | D:6      | Found a staircase to the Ecumenical Temple.
  6144 | D:6      | Learned a level 1 spell: Apportation
  6149 | Temple   | Entered the Ecumenical Temple
  6227 | Temple   | Became a worshipper of Cheibriados the Contemplative
  6500 | D:5      | Identified a scroll of acquirement
  6500 | D:5      | Acquired the +2 scale mail of Ufoich {Regen+ Str+3 Slay+2}
  6533 | D:4      | Reached skill level 1 in Long Blades
  6721 | D:4      | Noticed Grinder
  6728 | D:4      | Paralysed by Grinder for 2 turns
  6733 | D:4      | Killed Grinder
  6734 | D:4      | Reached skill level 1 in Armour
  6734 | D:4      | Reached skill level 5 in Spellcasting
  6748 | D:4      | Noticed Blork the orc
  6861 | D:4      | Killed Blork the orc
  7185 | D:7      | Reached * piety under Cheibriados
  8073 | D:6      | Reached ** piety under Cheibriados
  8248 | D:6      | Gained mutation: You have a pair of horns on your head.
                  | [demonic ancestry]
  8248 | D:6      | Reached XP level 9. HP: 55/57 MP: 14/16
  8250 | D:6      | Reached *** piety under Cheibriados
  8516 | D:8      | Noticed Maggie
  8524 | D:8      | Killed Maggie
  8677 | D:9      | Reached skill level 5 in Shields
  9174 | D:9      | Reached **** piety under Cheibriados
  9238 | D:9      | Reached XP level 10. HP: 63/63 MP: 13/17
  9282 | D:9      | Reached skill level 5 in Long Blades
  9861 | D:9      | Noticed Erica
  9870 | D:9      | Killed Erica
  9871 | D:9      | Reached skill level 5 in Armour
 10040 | D:10     | Entered Level 10 of the Dungeon
 10090 | D:10     | Found a portal to a secret trove of treasure.
 10168 | D:10     | Noticed Joseph
 10172 | D:10     | Reached skill level 1 in Fighting
 10172 | D:10     | Reached skill level 1 in Evocations
 10179 | D:10     | Killed Joseph
 10240 | D:10     | Found a staircase to the Orcish Mines.
 10256 | D:10     | Reached skill level 2 in Fighting
 10549 | D:11     | Reached skill level 3 in Fighting
 10713 | D:11     | Noticed a cyclops
 10722 | D:11     | Killed a cyclops
 10723 | D:11     | Gained mutation: You are mostly covered in molten scales.
                  | (AC +3) [demonic ancestry]
 10723 | D:11     | Reached XP level 11. HP: 75/75 MP: 15/18
 11128 | D:12     | Found a frozen archway.
 11154 | D:12     | Reached ***** piety under Cheibriados
 11203 | IceCv    | Entered an ice cave
 11270 | IceCv    | Reached skill level 4 in Fighting
 11532 | IceCv    | Noticed a white ugly thing
 11538 | IceCv    | Killed a white ugly thing
 11579 | IceCv    | Noticed a death yak
 11603 | IceCv    | Killed a death yak
 11624 | IceCv    | Gained mutation: When hurt, damage is shared between your
                  | health and your magic reserves. [demonic ancestry]
 11624 | IceCv    | Reached XP level 12. HP: 82/84 MP: 16/19
 11689 | IceCv    | Noticed an ironbound frostheart
 11689 | IceCv    | Noticed a death yak
 11689 | IceCv    | Noticed a death yak
 11689 | IceCv    | Noticed an ironbound frostheart
 11699 | IceCv    | Killed a death yak
 11709 | IceCv    | Killed an ironbound frostheart
 11724 | IceCv    | Killed an ironbound frostheart
 11725 | IceCv    | Reached skill level 10 in Shields
 11747 | IceCv    | Killed a death yak
 11752 | IceCv    | Reached ****** piety under Cheibriados
 12367 | D:8      | Found a staircase to the Lair.
 12677 | Lair:1   | Entered Level 1 of the Lair of Beasts
 12807 | Lair:1   | Reached skill level 5 in Dodging
 12905 | Lair:1   | Reached skill level 5 in Fighting
 13323 | Lair:1   | Found a runed translucent gate.
 13324 | Lair:1   | Found a runed translucent gate.
 13325 | Lair:1   | Found a runed translucent gate.
 13327 | Lair:1   | Noticed RBrandon's ghost (novice DsMo)
 13454 | Lair:2   | Noticed Prince Ribbit
 13476 | Lair:2   | Killed Prince Ribbit
 13477 | Lair:2   | Reached skill level 6 in Fighting
 13607 | Lair:2   | Found a transporter.
 13610 | Lair:2   | Found a transporter.
 13732 | Lair:2   | Gained mutation: When low on magic, you restore magic in
                  | place of health. [demonic ancestry]
 13732 | Lair:2   | Reached XP level 13. HP: 80/94 MP: 16/20
 13866 | Lair:2   | Noticed Sonja
 13867 | Lair:2   | Noticed Sonja
 13867 | Lair:2   | Sonja changed into Sonja the boggart
 13871 | Lair:2   | Killed Sonja the boggart
 13991 | Lair:2   | Noticed buhh's ghost (journeyman OpTm)
 13996 | Lair:2   | Found a bloodstained altar of Trog.
 14185 | Lair:2   | Reached skill level 7 in Fighting
 14618 | Lair:3   | Found a staircase to the Shoals.
 14986 | Lair:3   | Reached skill level 8 in Fighting
 15589 | Lair:4   | Found a runed translucent door.
 15629 | Lair:4   | Found a hide-covered altar of Uskayaw.
 15629 | Lair:4   | Found an ornate altar of the Wu Jian Council.
 15690 | Lair:4   | Found a hole to the Spider Nest.
 15882 | Lair:4   | Noticed Hihis's ghost (journeyman MfBe)
 16183 | Lair:5   | Reached skill level 9 in Fighting
 16248 | Lair:5   | Reached skill level 10 in Long Blades
 16254 | Lair:5   | Reached XP level 14. HP: 64/108 MP: 15/21
 16891 | Lair:6   | Entered Level 6 of the Lair of Beasts
 17381 | Lair:6   | Found a staircase to the Slime Pits.
 17401 | Lair:6   | Reached skill level 10 in Fighting
 17588 | Lair:6   | Reached skill level 1 in Invocations
 18092 | Lair:6   | Reached skill level 5 in Invocations
 18211 | Lair:4   | Killed Hihis's ghost
 18390 | Lair:1   | Killed RBrandon's ghost
 18709 | D:12     | Found Xuke's Tremendous Tomes.
 18818 | D:12     | Noticed Azrael
 18849 | D:12     | Killed Azrael
 19207 | D:12     | Found a bloodstained altar of Trog.
 19286 | D:13     | You fall into a shaft and drop 1 floor!
 19533 | D:14     | Reached skill level 10 in Invocations
 19647 | D:14     | Found Entyet's Weapon Emporium.
 19656 | D:14     | Bought the +8 lance "Wyrmbane" {slay drac, rPois rF+ rC+
                  | AC+3} for 1454 gold pieces
 19656 | D:14     | Found the +8 lance "Wyrmbane" {slay drac, rPois rF+ rC+
                  | AC+3}
 19686 | D:14     | Noticed Agnes
 19698 | D:15     | Entered Level 15 of the Dungeon
 19743 | D:15     | Reached XP level 15. HP: 117/117 MP: 22/22
 19768 | D:15     | Reached skill level 1 in Polearms
 19823 | D:15     | Identified the +2 spear "Cogip" {pain, rF- MP+9 Int+2}
 20153 | D:15     | Reached skill level 1 in Ranged Weapons
 20339 | D:15     | Found a staircase to the Depths.
 20366 | D:15     | Found a radiant altar of Vehumet.
 20412 | D:14     | Reached skill level 11 in Fighting
 20510 | D:14     | Killed Agnes
 20526 | D:14     | Noticed Rupert
 20527 | D:14     | Paralysed by Rupert for 3 turns
 20789 | D:13     | Reached skill level 5 in Ranged Weapons
 20977 | D:13     | Identified the +0 leather armour of Wonder {rC+ Will++
                  | Dex+4}
 20997 | D:13     | Acquired 367 gold pieces
 21407 | Orc:1    | Entered Level 1 of the Orcish Mines
 21569 | Orc:1    | Noticed an orc warlord
 21592 | Orc:1    | Killed an orc warlord
 21834 | Orc:2    | Entered Level 2 of the Orcish Mines
 21854 | Orc:2    | Found a staircase to the Elven Halls.
 21975 | Orc:2    | Noticed Jorgrun
 21987 | Orc:2    | Killed Jorgrun
 21988 | Orc:2    | Reached skill level 5 in Polearms
 22150 | Orc:2    | Found Ozxeisu's Antique Weapon Boutique.
 22150 | Orc:2    | Found Wyec's Distillery.
 22154 | Orc:2    | Found Wisay's General Store.
 22157 | Orc:2    | Found Vogust's Armour Boutique.
 22196 | Orc:2    | Reached skill level 12 in Fighting
 22228 | Orc:2    | Noticed Nessos
 22232 | Orc:2    | Killed Nessos
 22840 | Depths:1 | Entered Level 1 of the Depths
 22840 | Depths:1 | Noticed a frost giant
 22854 | D:15     | Demolished by a frost giant

Illustrated notes

Levels and vault maps discovered:
D:1:      dpeg_arrival_three_smaller_balls, layout_basic
D:2:      layout_basic, uniq_robin
D:3:      layout_basic, kennysheep_nub, uniq_sigmund
D:4:      layout_cave_pools, grunt_decor_mini_mirrors, uniq_blork_the_orc,
          uniq_grinder
D:5:      layout_basic, mainiacjoe_overflow_alcove_3, serial_demonic,
          serial_demonic_f, serial_demonic_e, serial_demonic_g, serial_demonic_c
D:6:      minmay_goblin_kobold_castle, layout_cave_pools,
          minmay_temple_entry_hall
D:7:      layout_basic
D:8:      layout_loops_ring, erik_lair_island, uniq_maggie
D:9:      layout_layer_cave, uniq_erica
D:10:     layout_rooms, orc_0_dummy, nicolae_trove_entry_isolated, uniq_joseph
D:11:     layout_loops_ring
D:12:     layout_roguey, portal_ice_cave_entry_imps,
          nicolae_shop_i_like_big_books, minmay_crystal_water,
          trog_butcher_becter, uniq_azrael
D:13:     layout_irregular_city
D:14:     layout_cave_pods, erik_vaults_1, minmay_misc_feat_roman, serial_shops,
          nicolae_lakefront_shop, uniq_rupert, uniq_agnes
D:15:     hangedman_depths_entry_try_elsewhere_first, layout_cave_pools,
          nicolae_concentric_dashed_squares_mild, nicolae_vehumet_altar_sigil
Temple:   eino_narrow_crystal_temple
Lair:1:   layout_roguey [special_room_bee], ebering_ghost_rock_garden,
          serial_bayou_lagoon_b
Lair:2:   layout_hall_layers, gammafunk_ghost_wrathful_warriors, st_stairs_11,
          worms_lemuel, infiniplex_staircase_pool, uniq_prince_ribbit2,
          uniq_sonja
Lair:3:   layout_cave_pods, shoals_dummy_entry
Lair:4:   layout_loops_ring, spider_nest_entry_webs,
          ebering_ghost_reflecting_pool, nzn_masters_of_martial_movement,
          infiniplex_staircase_pool_2
Lair:5:   layout_cave_shapes, pond, serial_bayou_shore_b, grunt_megastairs_3
Lair:6:   minmay_lair_end_enchanted_forest, layout_hall_layers, slime_entry_1
Orc:1:    layout_diamond_mine, uniq_nergalle, uniq_erolcha, uniq_snorg
Orc:2:    st_orc_mages, layout_caves, uniq_nessos, uniq_jorgrun
Depths:1: minmay_open_boxes_in_corner, layout_honeycomb, grunt_mini_vestibule,
          nicolae_abyss_entry_one_way_or_another, grunt_pan_entry_in_and_out,
          nzn_life_drinkers, minmay_shoptagon, uniq_sojobo, uniq_mara

Skill      XL: |  1  2  3  4  5  6  7  8  9 10 11 12 13 14 15 |
---------------+----------------------------------------------+-----
Ice Magic      | 4 5 6 7 8 9 |  9.3
Short Blades   | 1 2 3 4 |  4.1
Spellcasting   | 3 4 5 |  5.0
Shields        | 1 2 4 5 6 8 11 | 11.0
Long Blades    | 3 4 6 8 10 | 10.9
Armour         | 2 4 5 |  5.1
Dodging        | 3 4 6 8 9 |  9.7
Fighting       | 3 4 6 9 10 12 | 12.0
Evocations     | 3 4 |  4.5
Invocations    | 10 | 10.3
Polearms       | 5 |  5.6
Ranged Weapons | 7 |  7.3
Maces & Flails | |  0.2
Stealth        | |  1.8

Action                   |  1- 3 |  4- 6 |  7- 9 | 10-12 | 13-15 || total
-------------------------+-------+-------+-------+-------+-------++-------
Melee: Unarmed           |     5 |       |       |       |       ||     5
       Dagger            |    58 |   113 |   331 |       |       ||   502
       Whip              |     5 |    16 |       |       |       ||    21
       Headbutt          |     6 |    26 |   113 |   121 |   314 ||   580
       Punch             |     2 |     2 |     7 |       |       ||    11
       Falchion          |       |       |    89 |    29 |       ||   118
       Scimitar          |       |       |       |   454 |  1077 ||  1531
       Lance             |       |       |       |       |     6 ||     6
Throw: Dart              |       |       |       |       |     5 ||     5
 Cast: Freeze            |    32 |    14 |     5 |       |     3 ||    54
       Frozen Ramparts   |       |     6 |    17 |    19 |    27 ||    69
       Ozocubu's Armour  |       |       |     7 |     9 |    25 ||    41
Invok: Slouch            |       |       |       |       |     6 ||     6
Evoke: Wand              |       |       |     5 |     9 |    14 ||    28
       Box of beasts     |       |       |       |       |     2 ||     2
  Use: Potion            |     1 |       |       |     1 |     2 ||     4
       Scroll            |     3 |       |    14 |     9 |     7 ||    33
 Stab: Sleeping          |     2 |       |     1 |       |       ||     3
       Paralysed         |       |       |    10 |    20 |    24 ||    54
       Distracted        |       |       |       |     3 |     1 ||     4
Armor: Robe              |    15 |    37 |    23 |       |       ||    75
       Scale mail        |       |       |   150 |   270 |   390 ||   810
Dodge: Dodged            |    58 |    65 |   217 |   327 |   785 ||  1452
Block: Buckler           |       |       |    74 |    97 |       ||   171
       Kite shield       |       |       |       |   305 |  1088 ||  1393

Table legend: (Time is in decaauts)
 A = Elapsed time spent in this place.
 B = Non-inter-level travel time spent in this place.
 C = Inter-level travel time spent in this place.
 D = Time resting spent in this place.
 E = Time spent auto-exploring this place.
 F = Levels seen in this place.
 G = Mean time per level.
                   A        B        C        D        E       F      G
               +--------+--------+--------+--------+--------+-----+--------+
         Total |  32971 |  30428 |   2543 |    151 |  25107 |  26 | 1268.1 |
       Dungeon |  19335 |  17582 |   1753 |    138 |  14765 |  15 | 1289.0 |
        Temple |     97 |     74 |     23 |      0 |     66 |   1 |   97.0 |
          Lair |  10018 |   9386 |    632 |      0 |   7742 |   6 | 1669.7 |
  Orcish Mines |   2156 |   2023 |    133 |      0 |   1569 |   2 | 1078.0 |
        Depths |      6 |      6 |      0 |      0 |      0 |   1 |    6.0 |
      Ice Cave |   1356 |   1356 |      0 |     13 |    964 |   1 | 1356.0 |
               +--------+--------+--------+--------+--------+-----+--------+

Top non-repeatable levels by time:
     D:9: 2273 daAuts
  Lair:6: 1972 daAuts
     D:1: 1756 daAuts
  Lair:1: 1688 daAuts
     D:2: 1682 daAuts
  Lair:3: 1680 daAuts
  Lair:4: 1638 daAuts
  Lair:2: 1569 daAuts
     D:6: 1513 daAuts
  Lair:5: 1469 daAuts
    D:13: 1448 daAuts
   Orc:2: 1447 daAuts
     D:5: 1363 daAuts
   IceCv: 1356 daAuts
    D:12: 1289 daAuts
